 Dungeon Crawl Stone Soup version 0.32-a0-818-gb728d0252e (webtiles) character file.

Game seed: 1101909560119207236

60 dialectric the Changeling (level 3, 0/32 (35) HPs)
             Began as a Troll Shapeshifter on Mar 23, 2024.
             Slain by Terence
             ... wielding the +7 Throatcutter {drain, coup de grace}
              (13 damage)
             ... on level 2 of the Dungeon.
             The game lasted 00:00:58 (926 turns).

dialectric the Changeling (Troll Shapeshifter)       Turns: 926, Time: 00:00:58

HP:   0/32 (35)     AC:  4    Str: 24    XL:     3   Next: 82%
MP:   2/2           EV:  9    Int:  6    God:
Gold: 159           SH:  0    Dex:  9    Spells: 2/2 levels left

rFire   . .          .
                       - Unarmed
rCold   . . .        (no shield)
rNeg    . . .        a - +0 animal skin
rPois   .            (helmet currently unavailable)
rElec   .            (cloak currently unavailable)
rCorr   .            (gloves unavailable)
SInv    .            (boots unavailable)
Will    +....        (no amulet)
Stlth   +            f - ring of willpower
HPRegen 1.05/turn    (no ring)
MPRegen 0.08/turn

%: no passive effects
@: beast-form, drained
A: beast (slay +2), large, unfitting armour, claws 3, regeneration 1, shaggy fur
1, tough skin 1
a: Begin Untransformation


You were on level 2 of the Dungeon.
You were a hulking beast.
You visited 1 branch of the dungeon, and saw 2 of its levels.

You collected 159 gold pieces.

Inventory:

Armour
 a - a +0 animal skin (worn)
Jewellery
 f - a ring of willpower (left claw)
 i - a +6 ring of strength
Talismans
 c - a beast talisman (active)
 d - a flux talisman
Scrolls
 j - a scroll of silence {unknown}
 k - a scroll of teleportation {unknown}
Potions
 b - 2 potions of lignification
 e - a potion of curing {unknown}
 g - a potion of heal wounds {unknown}
 h - 2 potions of degeneration {unknown}


   Skills:
 + Level 1.8 Fighting
 + Level 2.3 Dodging
 - Level 3.0 Unarmed Combat
 + Level 3.5 Shapeshifting


You had 2 spell levels left.
You didn't know any spells.
Your spell library contained the following spells:

 Spells                   Type           Power      Damage    Failure   Level
 Slow                     Hex            0%         N/A       45%         1
 Static Discharge         Conj/Air       0%         3-3/arc   58%         2
 Confusing Touch          Hex            0%         N/A       83%         3
 Hailstorm                Conj/Ice       0%         3d5       83%         3
 Summon Ice Beast         Ice/Summ       0%         N/A       83%         3
 Vampiric Draining        Necr           0%         2d6       83%         3
 Airstrike                Air            0%         2d(0-16)  99%         4
 Summon Lightning Spire   Summ/Air       0%         N/A       99%         4
 Permafrost Eruption      Ice/Erth       0%         2x4d2     100%        6
 Sculpt Simulacrum        Ice/Alch       0%         N/A       100%        6


Dungeon Overview and Level Annotations

Branches:
Dungeon (2/15)

Altars:

Annotations:
D:2 Terence


Innate Abilities, Weirdness & Mutations

You are a hulking beast.
Your limbs bulge with bestial killing power. (Slay +2)
You are too large for most types of armour.
You have claws for hands.
Your natural rate of healing is unusually fast.
You are covered in fur. (AC +1)
You have tough skin. (AC +1)


Message History

You see here 5 stones.
An endoplasm comes into view.
The endoplasm quivers.
You see here 10 gold pieces.
An endoplasm is nearby!
You see here 13 gold pieces.
An endoplasm is nearby!
You claw the endoplasm!
You kill the endoplasm!
No target in view!
No target in view!
No target in view!
You now have 149 gold pieces (gained 13).
You now have 159 gold pieces (gained 10).
Found a leather armour.
No target in view!
Terence the Incautious comes into view.
He is wielding the +7 Throatcutter {drain, coup de grace}.
You see here a +0 leather armour.
Terence is nearby!
Terence shouts!
Terence is nearby!
Terence hits you with the +7 Throatcutter!
You feel drained.
You closely miss Terence. Terence closely misses you.
You completely miss Terence.
Terence hits you with the +7 Throatcutter!
You feel drained.
You are too injured to fight recklessly!
You are too injured to fight recklessly!
You are too injured to fight recklessly!
You are too injured to fight recklessly!
You are too injured to fight recklessly!
You are too injured to fight recklessly!
Unknown command.
Terence attacks as he pursues you! Terence barely misses you.
You see here a +0 leather armour.
Terence attacks as he pursues you!
Terence hits you with the +7 Throatcutter!
You die...
Terence says, "Time to find some more victims."

#.........#...#.### #
####..####.......# #.
###.#.###.###.#.# #.
.............#.#### ####..
##.#...##.#........
......#.##.............####
#...#.......##.......##
#..#.###.#............#
#.....@h.#.##.........#
#....#####.##.........#
.......................##
..............#.#......####
#.##.##.#####(#.#.#...>....
. #. #.# #.#)#.......... ..
#.# #.#.##.....##.# .
#.#####..........# .#
..............### #


You could see Terence.

Vanquished Creatures
  Robin (D:2)
  An adder (D:2)
  A ribbon worm (D:2)
  2 endoplasms
  A giant cockroach (D:1)
  13 goblins
  3 hobgoblins
  2 quokkas (D:1)
  4 ball pythons (D:1)
  2 bats (D:1)
  A frilled lizard (D:2)
  3 kobolds (D:1)
  2 rats (D:1)
36 creatures vanquished.

Notes
Turn   | Place    | Note
-------+----------+-------------------------------------------
     0 | D:1      | dialectric the Troll Shapeshifter began the quest for the
                  | Orb.
     0 | D:1      | Reached XP level 1. HP: 18/18 MP: 0/0
    67 | D:1      | Reached skill level 1 in Fighting
   235 | D:1      | Reached XP level 2. HP: 27/27 MP: 1/1
   769 | D:2      | Reached XP level 3. HP: 30/33 MP: 2/2
   777 | D:2      | Noticed Robin
   805 | D:2      | Killed Robin
   919 | D:2      | Noticed Terence
   926 | D:2      | Slain by Terence

Illustrated notes

Levels and vault maps discovered:
D:1:      dpeg_arrival_round_c, layout_basic, kennysheep_nondescript,
          minmay_misc_feat_five, minmay_misc_feat_plants, serial_bayou_pond_d
D:2:      layout_loops_ring, uniq_terence, uniq_robin

Skill      XL: |  1  2 |
---------------+-------+-----
Fighting       | 1 |  1.8
Dodging        | 2 |  2.3
Unarmed Combat | |  3.0
Shapeshifting  | |  3.5

Action                     || total
---------------------------++-------
  Melee: Unarmed           ||    81
         Punch             ||     1
 Armour: Animal skin       ||    60
  Dodge: Dodged            ||    18

Table legend: (Time is in decaauts)
 A = Elapsed time spent in this place.
 B = Non-inter-level travel time spent in this place.
 C = Inter-level travel time spent in this place.
 D = Time resting spent in this place.
 E = Time spent auto-exploring this place.
 F = Levels seen in this place.
 G = Mean time per level.
                   A        B        C        D        E       F      G
               +--------+--------+--------+--------+--------+-----+--------+
         Total |    920 |    866 |     54 |      0 |    677 |   2 |  460.0 |
       Dungeon |    920 |    866 |     54 |      0 |    677 |   2 |  460.0 |
               +--------+--------+--------+--------+--------+-----+--------+

Top non-repeatable levels by time:
     D:1: 653 daAuts
     D:2: 267 daAuts
